| TOP OF THE 1ST |
|
Seattle (APP) Mariners batting - Pitching for Orem Owlz : LHP Lee Wendt
|
|
Pitching: LHP Lee Wendt
|
|
|
Batting: RHB Joaquin Salazar
|
0-0: Called Strike 0-1: Swinging Strike 0-2: Strikes out swinging
|
|
Batting: RHB Rich Griffith
|
0-0: Called Strike 0-1: Ground out 4-3 (Groundball, 4, EV 81.2 MPH)
|
|
Batting: RHB Eddie Luna
|
0-0: Ball 1-0: Swinging Strike 1-1: Swinging Strike 1-2: Ball 2-2: Foul Ball, location: 2F 2-2: Ball 3-2: Foul Ball, location: 2F 3-2: Base on Balls
|
|
Batting: RHB Ross Hallock
|
0-0: Ball 1-0: Foul Ball, location: 2F 1-1: Called Strike 1-2: SINGLE (Flyball, 8RS, EV 91.9 MPH) Eddie Luna to second Eddie Luna to third
|
|
Batting: RHB Victor Rosas
|
0-0: Swinging Strike 0-1: Ball 1-1: Fly out, F9 (Flyball, 9, EV 94.4 MPH)
|
| Top of the 1st over - 0 runs, 1 hit, 0 errors, 2 left on base; Seattle (APP) 0 - Orem 0 |
| BOTTOM OF THE 1ST |
|
Orem Owlz batting - Pitching for Seattle (APP) Mariners : LHP Tristan Martin
|
|
Pitching: LHP Tristan Martin
|
|
|
Batting: RHB Ken Hillman
|
0-0: Ball 1-0: Ball 2-0: Ball 3-0: Called Strike 3-1: Base on Balls
|
|
Batting: RHB Fred Saxton
|
0-0: Ball 1-0: TRIPLE (Flyball, 89XD, EV 94.4 MPH) Ken Hillman scores
|
|
Batting: RHB Daniel Molina
|
0-0: Foul Ball, location: 2F 0-1: Foul Ball, location: 2F 0-2: Ball 1-2: Foul Ball, location: 2F 1-2: Ball 2-2: DOUBLE (Groundball, 5L, EV 100.6 MPH) Fred Saxton scores
|
|
Batting: RHB Brian Spry
|
0-0: Swinging Strike 0-1: Foul Ball, location: 2F 0-2: Ball 1-2: Ball 2-2: Ball 3-2: Foul Ball, location: 2F 3-2: Ground out 4-3 (Groundball, 4, EV 83.1 MPH) Daniel Molina to third
|
|
Batting: SHB Manuel Martinez
|
0-0: Called Strike 0-1: Ball 1-1: Ball 2-1: Ball 3-1: Swinging Strike 3-2: Strikes out looking
|
|
Batting: RHB Carlos Gonzales
|
0-0: Ball 1-0: Ball 2-0: Ball 3-0: Called Strike Passed Ball! Daniel Molina scores 3-1: Base on Balls
|
|
Batting: LHB David Coatney
|
0-0: Ball 1-0: Foul Ball, location: 2F 1-1: Ball 2-1: Foul Ball, location: 2F 2-2: Strikes out swinging, 2-3 out at first.
|
| Bottom of the 1st over - 3 runs, 2 hits, 0 errors, 1 left on base; Seattle (APP) 0 - Orem 3 |
| TOP OF THE 2ND |
|
Seattle (APP) Mariners batting - Pitching for Orem Owlz : LHP Lee Wendt
|
|
Batting: RHB Steve Carmichael
|
0-0: Ball 1-0: Ground out 5-3 (Groundball, 56, EV 84.4 MPH)
|
|
Batting: RHB Ziven Badersky
|
0-0: Ball 1-0: Ball 2-0: Ball 3-0: Called Strike 3-1: Called Strike 3-2: Strikes out swinging
|
|
Batting: RHB Tristan Martin
|
0-0: Ball 1-0: Called Strike 1-1: Called Strike 1-2: Strikes out swinging
|
| Top of the 2nd over - 0 runs, 0 hits, 0 errors, 0 left on base; Seattle (APP) 0 - Orem 3 |
| BOTTOM OF THE 2ND |
|
Orem Owlz batting - Pitching for Seattle (APP) Mariners : LHP Tristan Martin
|
|
Batting: RHB Jesse Sargent
|
0-0: Called Strike 0-1: Ball 1-1: Ground out 6-3 (Groundball, 6, EV 93.1 MPH)
|
|
Batting: RHB Steve Neely
|
0-0: Fly out, F8 (Flyball, 78S, EV 75.6 MPH)
|
|
Batting: RHB Ken Hillman
|
0-0: Swinging Strike 0-1: Ground out 3-1 (Groundball, 34S, EV 86.9 MPH)
|
| Bottom of the 2nd over - 0 runs, 0 hits, 0 errors, 0 left on base; Seattle (APP) 0 - Orem 3 |
| TOP OF THE 3RD |
|
Seattle (APP) Mariners batting - Pitching for Orem Owlz : LHP Lee Wendt
|
|
Batting: LHB Garrett Dodge
|
0-0: Swinging Strike 0-1: Ball 1-1: Foul Ball, location: 2F 1-2: Ball 2-2: Strikes out looking
|
|
Batting: RHB Joaquin Salazar
|
0-0: Ball 1-0: Foul Ball, location: 2F 1-1: Swinging Strike 1-2: Strikes out looking
|
|
Batting: RHB Rich Griffith
|
0-0: Ball 1-0: Called Strike 1-1: Foul Ball, location: 2F 1-2: Ball 2-2: Foul Ball, location: 2F 2-2: SOLO HOME RUN (Flyball, 7D, EV 99.4 MPH), Distance : 388 ft
|
|
Batting: RHB Eddie Luna
|
0-0: Fly out, F7 (Flyball, 7, EV 86.2 MPH)
|
| Top of the 3rd over - 1 run, 1 hit, 0 errors, 0 left on base; Seattle (APP) 1 - Orem 3 |
| BOTTOM OF THE 3RD |
|
Orem Owlz batting - Pitching for Seattle (APP) Mariners : LHP Tristan Martin
|
|
Batting: RHB Fred Saxton
|
0-0: Called Strike 0-1: Ball 1-1: Ball 2-1: Foul Ball, location: 2F 2-2: SINGLE (Line Drive, 7S, EV 94.4 MPH)
|
|
Batting: RHB Daniel Molina
|
0-0: Called Strike 0-1: Ball 1-1: Fielders Choice at 2nd, 6-4 (Groundball, 6, EV 85.6 MPH)
|
|
Batting: RHB Brian Spry
|
0-0: Ground out 6-3 (Groundball, 6S, EV 65.6 MPH) Daniel Molina to second
|
|
Batting: SHB Manuel Martinez
|
0-0: Ball 1-0: Called Strike 1-1: Ball 2-1: Ball 3-1: Foul Ball, location: 2F 3-2: Base on Balls
|
|
Batting: RHB Carlos Gonzales
|
0-0: Ball 1-0: Ball 2-0: Foul Ball, location: 2F 2-1: Ball 3-1: Swinging Strike 3-2: Fly out, F6 (Popup, 56D, EV 70.0 MPH)
|
| Bottom of the 3rd over - 0 runs, 1 hit, 0 errors, 2 left on base; Seattle (APP) 1 - Orem 3 |
| TOP OF THE 4TH |
|
Seattle (APP) Mariners batting - Pitching for Orem Owlz : LHP Lee Wendt
|
|
Batting: RHB Ross Hallock
|
0-0: Ball 1-0: Ball 2-0: Ball 3-0: Called Strike 3-1: Base on Balls
|
|
Batting: RHB Victor Rosas
|
0-0: Fielders Choice at 2nd, 6-4 (Groundball, 6, EV 102.5 MPH)
|
|
Batting: RHB Steve Carmichael
|
0-0: Called Strike 0-1: Swinging Strike 0-2: Fielders Choice at 2nd, 5-4 (Groundball, 5, EV 104.4 MPH)
|
|
Batting: RHB Ziven Badersky
|
0-0: DOUBLE (Flyball, 78XD, EV 97.5 MPH) Steve Carmichael to third Runner from 3rd tries for Home, SAFE, throw by CF to home
|
|
Batting: RHB Tristan Martin
|
0-0: Foul Ball, location: 2F 0-1: Ball 1-1: Foul Ball, location: 2F 1-2: Strikes out swinging
|
| Top of the 4th over - 1 run, 1 hit, 0 errors, 1 left on base; Seattle (APP) 2 - Orem 3 |
| BOTTOM OF THE 4TH |
|
Orem Owlz batting - Pitching for Seattle (APP) Mariners : LHP Tristan Martin
|
|
Batting: LHB David Coatney
|
0-0: Ball 1-0: Ball 2-0: Ball 3-0: Base on Balls
|
|
Batting: RHB Jesse Sargent
|
0-0: Ball 1-0: Ball 2-0: Grounds into double play, 6-4-3 (Groundball, 6, EV 108.8 MPH)
|
|
Batting: RHB Steve Neely
|
0-0: Ground out 4-3 (Groundball, 4, EV 103.8 MPH)
|
| Bottom of the 4th over - 0 runs, 0 hits, 0 errors, 0 left on base; Seattle (APP) 2 - Orem 3 |
| TOP OF THE 5TH |
|
Seattle (APP) Mariners batting - Pitching for Orem Owlz : LHP Lee Wendt
|
|
Batting: LHB Garrett Dodge
|
0-0: Ball 1-0: Called Strike 1-1: Called Strike 1-2: Ball 2-2: Ball 3-2: Foul Ball, location: 2F 3-2: Base on Balls
|
|
Batting: RHB Joaquin Salazar
|
0-0: Ball 1-0: Swinging Strike 1-1: Foul Ball, location: 2F 1-2: Strikes out swinging
|
|
Batting: RHB Rich Griffith
|
0-0: Called Strike 0-1: Called Strike 0-2: Ball 1-2: Ball 2-2: Strikes out swinging
|
|
Batting: RHB Eddie Luna
|
0-0: Ball 1-0: Ball 2-0: Ball 3-0: Base on Balls Garrett Dodge to second
|
|
Pitching: RHP Jim Sawicki
|
|
|
Batting: RHB Ross Hallock
|
0-0: Foul Ball, location: 2F 0-1: Swinging Strike 0-2: Ball Wild Pitch! Garrett Dodge to third Eddie Luna to second 1-2: Ball 2-2: Strikes out swinging
|
| Top of the 5th over - 0 runs, 0 hits, 0 errors, 2 left on base; Seattle (APP) 2 - Orem 3 |
| BOTTOM OF THE 5TH |
|
Orem Owlz batting - Pitching for Seattle (APP) Mariners : LHP Tristan Martin
|
|
Batting: RHB Ken Hillman
|
0-0: Called Strike 0-1: Foul Ball, location: 2F 0-2: Ball 1-2: Ball 2-2: Ball 3-2: Base on Balls
|
|
Pitching: RHP Domingo Maldonado
|
|
|
Batting: RHB Fred Saxton
|
0-0: Ball 1-0: Foul Ball, location: 2F 1-1: Swinging Strike 1-2: Ball 2-2: Strikes out swinging
|
|
Batting: RHB Daniel Molina
|
0-0: Ball Ken Hillman is caught stealing 2nd base 2-4 1-0: Ball 2-0: SINGLE (Line Drive, 89M, EV 95.0 MPH)
|
|
Batting: RHB Brian Spry
|
0-0: Ball 1-0: Swinging Strike 1-1: Called Strike 1-2: Ball 2-2: Strikes out looking
|
| Bottom of the 5th over - 0 runs, 1 hit, 0 errors, 1 left on base; Seattle (APP) 2 - Orem 3 |
| TOP OF THE 6TH |
|
Seattle (APP) Mariners batting - Pitching for Orem Owlz : RHP Jim Sawicki
|
|
Batting: RHB Victor Rosas
|
0-0: Ball 1-0: Foul Ball, location: 2F 1-1: SINGLE (Groundball, 56S, EV 67.5 MPH) (infield hit)
|
|
Batting: RHB Steve Carmichael
|
0-0: Ball 1-0: Foul Ball, location: 2F 1-1: Ball 2-1: Called Strike 2-2: Foul Ball, location: 2F 2-2: Strikes out swinging
|
|
Pinch Hitting: LHB William Gonzales
|
0-0: Called Strike 0-1: Foul Ball, location: 2F 0-2: Ball 1-2: Foul Ball, location: 2F 1-2: Ball 2-2: Grounds into double play, 3-6-1 (Groundball, 3, EV 85.6 MPH)
|
| Top of the 6th over - 0 runs, 1 hit, 0 errors, 0 left on base; Seattle (APP) 2 - Orem 3 |
| BOTTOM OF THE 6TH |
|
Orem Owlz batting - Pitching for Seattle (APP) Mariners : RHP Domingo Maldonado
|
|
Now at 3B: Jwahir Pili
|
|
|
Batting: SHB Manuel Martinez
|
0-0: Ball 1-0: Ball 2-0: Ground out 4-3 (Groundball, 4, EV 91.2 MPH)
|
|
Batting: RHB Carlos Gonzales
|
0-0: Ball 1-0: Called Strike 1-1: Ball 2-1: Foul Ball, location: 2F 2-2: Ball 3-2: Fly out, F8 (Flyball, 78M, EV 79.4 MPH)
|
|
Batting: LHB David Coatney
|
0-0: Ball 1-0: Called Strike 1-1: Foul Ball, location: 2F 1-2: Ball 2-2: Ball 3-2: Strikes out swinging
|
| Bottom of the 6th over - 0 runs, 0 hits, 0 errors, 0 left on base; Seattle (APP) 2 - Orem 3 |
| TOP OF THE 7TH |
|
Seattle (APP) Mariners batting - Pitching for Orem Owlz : RHP Jim Sawicki
|
|
Batting: RHB Carlton McDonald
|
0-0: Hit by Pitch
|
|
Pinch Hitting: LHB Yoshihisa Kobayashi
|
0-0: Ball 1-0: Bunted foul 1-1: Bunted foul 1-2: Foul Ball, location: 2F 1-2: Strikes out swinging
|
|
Batting: RHB Joaquin Salazar
|
0-0: Called Strike Carlton McDonald is caught stealing 2nd base 2-4 0-1: Foul Ball, location: 2F 0-2: SINGLE (Groundball, 34D, EV 95.6 MPH)
|
|
Batting: RHB Rich Griffith
|
0-0: Called Strike 0-1: Ball Joaquin Salazar steals 2nd base (no throw) 1-1: Swinging Strike 1-2: Foul Ball, location: 2F 1-2: Strikes out swinging
|
| Top of the 7th over - 0 runs, 1 hit, 0 errors, 1 left on base; Seattle (APP) 2 - Orem 3 |
| BOTTOM OF THE 7TH |
|
Orem Owlz batting - Pitching for Seattle (APP) Mariners : RHP Domingo Maldonado
|
|
Now in RF: Ryan Daniels
|
|
|
Batting: RHB Jesse Sargent
|
0-0: SINGLE (Groundball, 34D, EV 105.0 MPH)
|
|
Batting: RHB Steve Neely
|
0-0: Sac Bunt to 5S - play at first, batter OUT! 5-3 Jesse Sargent to second
|
|
Batting: RHB Ken Hillman
|
0-0: Ball 1-0: Called Strike 1-1: Ground out 2-3 (Groundball, 2R, EV 70.0 MPH) Jesse Sargent to third
|
|
Batting: RHB Fred Saxton
|
0-0: Foul Ball, location: 2F 0-1: Swinging Strike 0-2: Fly out, F8 (Line Drive, 8LM, EV 99.4 MPH)
|
| Bottom of the 7th over - 0 runs, 1 hit, 0 errors, 1 left on base; Seattle (APP) 2 - Orem 3 |
| TOP OF THE 8TH |
|
Seattle (APP) Mariners batting - Pitching for Orem Owlz : RHP Jim Sawicki
|
|
Batting: RHB Eddie Luna
|
0-0: Ball 1-0: Ball 2-0: Called Strike 2-1: Foul Ball, location: 2F 2-2: Ball 3-2: Ground out 4-3 (Groundball, 34, EV 84.4 MPH)
|
|
Batting: RHB Ross Hallock
|
0-0: Called Strike 0-1: SINGLE (Line Drive, 8RS, EV 107.5 MPH)
|
|
Pitching: RHP Michael Coleman
|
|
|
Batting: RHB Victor Rosas
|
0-0: Foul Ball, location: 2F 0-1: Called Strike 0-2: Fielders Choice at 2nd, 4-6 (Groundball, 4, EV 88.1 MPH)
|
|
Batting: RHB Steve Carmichael
|
0-0: Ball 1-0: SINGLE (Line Drive, 9LM, EV 110.6 MPH) Victor Rosas to second
|
|
Batting: RHB Jwahir Pili
|
0-0: Ball 1-0: Called Strike 1-1: Ground out 6-3 (Groundball, 6S, EV 79.4 MPH)
|
| Top of the 8th over - 0 runs, 2 hits, 0 errors, 2 left on base; Seattle (APP) 2 - Orem 3 |
| BOTTOM OF THE 8TH |
|
Orem Owlz batting - Pitching for Seattle (APP) Mariners : RHP Domingo Maldonado
|
|
Batting: RHB Daniel Molina
|
0-0: Called Strike 0-1: Swinging Strike 0-2: Ball 1-2: Strikes out swinging
|
|
Batting: RHB Brian Spry
|
0-0: Called Strike 0-1: Swinging Strike 0-2: Ball 1-2: Ball 2-2: Strikes out swinging
|
|
Batting: SHB Manuel Martinez
|
0-0: Ball 1-0: Foul Ball, location: 2F 1-1: Called Strike 1-2: SOLO HOME RUN (Flyball, 7D, EV 96.2 MPH), Distance : 382 ft
|
|
Pitching: RHP Yen-nien Luo
|
|
|
Batting: RHB Carlos Gonzales
|
0-0: Hit by Pitch
|
|
Batting: LHB David Coatney
|
0-0: Swinging Strike 0-1: Ball 1-1: Called Strike 1-2: Strikes out looking
|
| Bottom of the 8th over - 1 run, 1 hit, 0 errors, 1 left on base; Seattle (APP) 2 - Orem 4 |
| TOP OF THE 9TH |
|
Seattle (APP) Mariners batting - Pitching for Orem Owlz : RHP Michael Coleman
|
|
Pitching: RHP Jerry Romero
|
|
|
Batting: RHB Carlton McDonald
|
0-0: Ball 1-0: Called Strike 1-1: Fly out, F2 (Popup, 5SF, EV 91.2 MPH)
|
|
Batting: LHB Ryan Daniels
|
0-0: Ball 1-0: Called Strike 1-1: Called Strike 1-2: Foul Ball, location: 2F 1-2: Ball 2-2: Ball 3-2: Base on Balls
|
|
Batting: RHB Joaquin Salazar
|
0-0: Ball 1-0: Called Strike 1-1: Foul Ball, location: 2F 1-2: Strikes out swinging
|
|
Batting: RHB Rich Griffith
|
0-0: Ball 1-0: Foul Ball, location: 2F 1-1: Foul Ball, location: 2F 1-2: Ball 2-2: Strikes out swinging
|
| Top of the 9th over - 0 runs, 0 hits, 0 errors, 1 left on base; Seattle (APP) 2 - Orem 4 |
|